PBL
AMERICUS BRAVES @ VICTORIA CAPITALS
08/22/2049
 
TOP OF THE 1ST
Americus Braves batting - Pitching for Victoria Capitals : RHP Jae-chun Jung
Pitching: RHP Jae-chun Jung
Batting: RHB Ryan Cole 0-0: Ball
1-0: Ball
2-0: Called Strike
2-1: Foul Ball, location: 2F
2-2: Foul Ball, location: 2F
2-2: SINGLE (Groundball, 56, EV 106.9 MPH) (infield hit)
Batting: RHB Scott Hansen 0-0: Ball
1-0: Foul Ball, location: 2F
1-1: Foul Ball, location: 2F
1-2: Ball
2-2: Fielders Choice at 2nd, 6-4 (Groundball, 6, EV 78.1 MPH)
Batting: SHB Vladimir Guerrero III 0-0: Ball
1-0: Ball
2-0: Called Strike
2-1: Foul Ball, location: 2F
2-2: Strikes out swinging
Batting: RHB Wilson Salgado 0-0: Called Strike
0-1: 2-RUN HOME RUN (Flyball, 7LD, EV 91.9 MPH), Distance : 341 ft
Batting: RHB Josh Maxwell 0-0: Foul Ball, location: 2F
0-1: Called Strike
0-2: Strikes out swinging
Top of the 1st over - 2 runs, 2 hits, 0 errors, 0 left on base; Americus 2 - Victoria 0
BOTTOM OF THE 1ST
Victoria Capitals batting - Pitching for Americus Braves : RHP Jose Ortega
Pitching: RHP Jose Ortega
Batting: RHB Mike Reynolds 0-0: Ground out 6-3 (Groundball, 6, EV 108.8 MPH)
Batting: RHB Antonio Arechiga 0-0: Called Strike
0-1: Called Strike
0-2: Strikes out swinging
Batting: LHB Jason Cary 0-0: Ball
1-0: Ground out U3 (Groundball, 3, EV 78.1 MPH)
Bottom of the 1st over - 0 runs, 0 hits, 0 errors, 0 left on base; Americus 2 - Victoria 0
TOP OF THE 2ND
Americus Braves batting - Pitching for Victoria Capitals : RHP Jae-chun Jung
Batting: LHB Garret Mathis 0-0: Called Strike
0-1: Ball
1-1: Ball
2-1: Swinging Strike
2-2: Fly out, F8 (Flyball, 78XD, EV 87.5 MPH)
Batting: RHB Jose Florez 0-0: Ball
1-0: Foul Ball, location: 2F
1-1: Ball
2-1: Swinging Strike
2-2: Strikes out swinging
Batting: RHB Bill Bethea 0-0: Called Strike
0-1: Called Strike
0-2: Foul Ball, location: 2F
0-2: Foul Ball, location: 2F
0-2: Foul Ball, location: 2F
0-2: Ball
1-2: Ground out 5-3 (Groundball, 56, EV 101.2 MPH)
Top of the 2nd over - 0 runs, 0 hits, 0 errors, 0 left on base; Americus 2 - Victoria 0
BOTTOM OF THE 2ND
Victoria Capitals batting - Pitching for Americus Braves : RHP Jose Ortega
Batting: RHB Hyeon-cheong Lee 0-0: Ball
1-0: Foul Ball, location: 2F
1-1: Ball
2-1: Foul Ball, location: 2F
2-2: Ground out 4-3 (Groundball, 34, EV 111.2 MPH)
Batting: LHB Willard Balcome 0-0: Called Strike
0-1: Ball
1-1: Swinging Strike
1-2: Foul Ball, location: 2F
1-2: Strikes out swinging
Batting: SHB Rich Roberts 0-0: Swinging Strike
0-1: Foul Ball, location: 2F
0-2: Ground out 4-3 (Groundball, 4, EV 104.4 MPH)
Bottom of the 2nd over - 0 runs, 0 hits, 0 errors, 0 left on base; Americus 2 - Victoria 0
TOP OF THE 3RD
Americus Braves batting - Pitching for Victoria Capitals : RHP Jae-chun Jung
Batting: RHB Danny Harris 0-0: Ball
1-0: Ball
2-0: Called Strike
2-1: Fly out, F8 (Flyball, 78S, EV 90.6 MPH)
Batting: RHB Ryan Cole 0-0: Called Strike
0-1: Ball
1-1: Ball
2-1: Foul Ball, location: 2F
2-2: Ball
3-2: DOUBLE (Line Drive, 3D, EV 104.4 MPH)
Batting: RHB Scott Hansen 0-0: Swinging Strike
0-1: Foul Ball, location: 2F
0-2: SINGLE (Line Drive, 56, EV 97.5 MPH)
Ryan Cole to third
Batting: SHB Vladimir Guerrero III 0-0: Called Strike
0-1: Ball
1-1: Foul Ball, location: 2F
1-2: Strikes out swinging
Batting: RHB Wilson Salgado 0-0: Ball
1-0: Foul Ball, location: 2F
1-1: Ball
2-1: SINGLE (Line Drive, 78S, EV 104.4 MPH)
Ryan Cole scores
Scott Hansen to second
Batting: RHB Josh Maxwell 0-0: Called Strike
0-1: Foul Ball, location: 2F
0-2: Strikes out swinging
Top of the 3rd over - 1 run, 3 hits, 0 errors, 2 left on base; Americus 3 - Victoria 0
BOTTOM OF THE 3RD
Victoria Capitals batting - Pitching for Americus Braves : RHP Jose Ortega
Batting: LHB Mike Jones 0-0: Foul Ball, location: 2F
0-1: Ball
1-1: Swinging Strike
1-2: Strikes out swinging
Batting: RHB Ray Wathey 0-0: Ground out 5-3 (Groundball, 56, EV 109.4 MPH)
Batting: RHB Josh Rentz 0-0: Swinging Strike
0-1: Fly out, F8 (Flyball, 89M, EV 85.0 MPH)
Bottom of the 3rd over - 0 runs, 0 hits, 0 errors, 0 left on base; Americus 3 - Victoria 0
TOP OF THE 4TH
Americus Braves batting - Pitching for Victoria Capitals : RHP Jae-chun Jung
Batting: LHB Garret Mathis 0-0: Ball
1-0: Foul Ball, location: 2F
1-1: Ball
2-1: Foul Ball, location: 2F
2-2: Ball
3-2: SOLO HOME RUN (Flyball, 78XD, EV 101.9 MPH), Distance : 393 ft
Batting: RHB Jose Florez 0-0: Ball
1-0: Ball
2-0: Swinging Strike
2-1: Ball
3-1: Called Strike
3-2: Strikes out swinging
Batting: RHB Bill Bethea 0-0: Foul Ball, location: 2F
0-1: Ball
1-1: Ball
2-1: Ball
3-1: Ground out U3 (Groundball, 23, EV 76.9 MPH)
Batting: RHB Danny Harris 0-0: Foul Ball, location: 2F
0-1: Ball
1-1: Ball
2-1: Ground out 5-3 (Groundball, 56S, EV 86.9 MPH)
Top of the 4th over - 1 run, 1 hit, 0 errors, 0 left on base; Americus 4 - Victoria 0
BOTTOM OF THE 4TH
Victoria Capitals batting - Pitching for Americus Braves : RHP Jose Ortega
Batting: RHB Mike Reynolds 0-0: Ground out U3 (Groundball, 34, EV 86.2 MPH)
Batting: RHB Antonio Arechiga 0-0: Ball
1-0: Ground out 6-3 (Groundball, 6, EV 83.8 MPH)
Batting: LHB Jason Cary 0-0: Ball
1-0: Ball
2-0: Foul Ball, location: 2F
2-1: Foul Ball, location: 2F
2-2: Ball
3-2: Foul Ball, location: 2F
3-2: Strikes out swinging
Bottom of the 4th over - 0 runs, 0 hits, 0 errors, 0 left on base; Americus 4 - Victoria 0
TOP OF THE 5TH
Americus Braves batting - Pitching for Victoria Capitals : RHP Jae-chun Jung
Batting: RHB Ryan Cole 0-0: Called Strike
0-1: Ball
1-1: SINGLE (Groundball, 4MD, EV 98.8 MPH)
Pitching: RHP Victor Ocampo
Batting: RHB Scott Hansen 0-0: Foul Ball, location: 2F
0-1: SINGLE (Flyball, 8LS, EV 89.4 MPH)
Ryan Cole to second
Runner from 2nd tries for 3rd, SAFE, throw by CF made to third
Batting: SHB Vladimir Guerrero III 0-0: Ball
1-0: Foul Ball, location: 2F
1-1: Foul Ball, location: 2F
1-2: Strikes out swinging
Batting: RHB Wilson Salgado 0-0: Ball
1-0: Ball
2-0: Foul Ball, location: 2F
2-1: Ball
3-1: Base on Balls
Scott Hansen to second
Batting: RHB Josh Maxwell 0-0: Ball
1-0: Foul Ball, location: 2F
1-1: Ball
2-1: Foul Ball, location: 2F
2-2: Ball
3-2: Foul Ball, location: 2F
3-2: Grounds into double play, 6-4-3 (Groundball, 6, EV 101.2 MPH)
Top of the 5th over - 0 runs, 2 hits, 0 errors, 2 left on base; Americus 4 - Victoria 0
BOTTOM OF THE 5TH
Victoria Capitals batting - Pitching for Americus Braves : RHP Jose Ortega
Batting: RHB Hyeon-cheong Lee 0-0: Ball
1-0: Called Strike
1-1: Foul Ball, location: 2F
1-2: Strikes out looking
Batting: LHB Willard Balcome 0-0: Swinging Strike
0-1: Swinging Strike
0-2: Strikes out swinging
Batting: SHB Rich Roberts 0-0: Called Strike
0-1: SOLO HOME RUN (Flyball, 7LD, EV 93.1 MPH), Distance : 336 ft
Batting: LHB Mike Jones 0-0: Called Strike
0-1: Foul Ball, location: 2F
0-2: Ball
1-2: Fly out, F7 (Flyball, 7, EV 88.1 MPH)
Bottom of the 5th over - 1 run, 1 hit, 0 errors, 0 left on base; Americus 4 - Victoria 1
TOP OF THE 6TH
Americus Braves batting - Pitching for Victoria Capitals : RHP Victor Ocampo
Batting: LHB Garret Mathis 0-0: Ball
1-0: Ball
2-0: Fly out, F9 (Line Drive, 9, EV 94.4 MPH)
Batting: RHB Jose Florez 0-0: Called Strike
0-1: Ball
1-1: Swinging Strike
1-2: Ball
2-2: Foul Ball, location: 2F
2-2: Strikes out swinging
Batting: RHB Bill Bethea 0-0: Called Strike
0-1: Hit by Pitch
Batting: RHB Danny Harris 0-0: Called Strike
0-1: Swinging Strike
0-2: Strikes out swinging
Top of the 6th over - 0 runs, 0 hits, 0 errors, 1 left on base; Americus 4 - Victoria 1
BOTTOM OF THE 6TH
Victoria Capitals batting - Pitching for Americus Braves : RHP Jose Ortega
Batting: RHB Ray Wathey 0-0: Ball
1-0: Called Strike
1-1: Foul Ball, location: 2F
1-2: Strikes out looking
Batting: RHB Josh Rentz 0-0: Ball
1-0: Ball
2-0: Ball
3-0: Called Strike
3-1: Called Strike
3-2: Foul Ball, location: 2F
3-2: Ground out 6-3 (Groundball, 6, EV 85.6 MPH)
Batting: RHB Mike Reynolds 0-0: Ball
1-0: Ball
2-0: Called Strike
2-1: Foul Ball, location: 2F
2-2: Foul Ball, location: 2F
2-2: SINGLE (Groundball, 5D, EV 94.4 MPH)
Batting: RHB Antonio Arechiga 0-0: Ball
1-0: Ball
2-0: Foul Ball, location: 2F
Pickoff Throw to First - Out! 1-3 CS
Bottom of the 6th over - 0 runs, 1 hit, 0 errors, 0 left on base; Americus 4 - Victoria 1
TOP OF THE 7TH
Americus Braves batting - Pitching for Victoria Capitals : RHP Victor Ocampo
Pitching: RHP Joey Mallandaine
Batting: RHB Ryan Cole 0-0: Foul Ball, location: 2F
0-1: Called Strike
0-2: Strikes out swinging
Batting: RHB Scott Hansen 0-0: Foul Ball, location: 2F
0-1: Fly out, F7 (Flyball, 7D, EV 95.6 MPH)
Batting: SHB Vladimir Guerrero III 0-0: Ball
1-0: Called Strike
1-1: Foul Ball, location: 2F
1-2: Strikes out looking
Top of the 7th over - 0 runs, 0 hits, 0 errors, 0 left on base; Americus 4 - Victoria 1
BOTTOM OF THE 7TH
Victoria Capitals batting - Pitching for Americus Braves : RHP Jose Ortega
Batting: RHB Antonio Arechiga 0-0: SINGLE (Groundball, 6MD, EV 104.4 MPH)
Batting: LHB Jason Cary 0-0: Called Strike
0-1: Ball
1-1: Called Strike
1-2: Foul Ball, location: 2F
1-2: Ball
2-2: Strikes out swinging
Batting: RHB Hyeon-cheong Lee 0-0: Ball
1-0: Ball
Antonio Arechiga steals 2nd base (no throw)
2-0: Called Strike
2-1: Fly out, F6 (Popup, 6MS, EV 70.0 MPH)
Batting: LHB Willard Balcome 0-0: Ball
1-0: Foul Ball, location: 2F
1-1: SINGLE (Flyball, 4D, EV 92.5 MPH)
Antonio Arechiga to third
Runner from 3rd tries for Home, SAFE, throw by RF to home
Pinch Hitting: RHB Roberto Medina 0-0: Ball
1-0: Ball
2-0: Called Strike
2-1: Called Strike
2-2: Foul Ball, location: 2F
2-2: Ball
3-2: SINGLE (Line Drive, 5D, EV 96.9 MPH)
Willard Balcome to second
Willard Balcome to third
Pinch Hitting: RHB Nick Ellis 0-0: Ball
1-0: Ball
Wild Pitch!
Willard Balcome scores
Roberto Medina to second
2-0: Called Strike
2-1: Fly out, F7 (Line Drive, 7, EV 91.2 MPH)
Bottom of the 7th over - 2 runs, 3 hits, 0 errors, 1 left on base; Americus 4 - Victoria 3
TOP OF THE 8TH
Americus Braves batting - Pitching for Victoria Capitals : RHP Joey Mallandaine
Now at 2B: Roberto Medina
Now in LF: Rick Harrison
Batting: RHB Wilson Salgado 0-0: Ball
1-0: Foul Ball, location: 2F
1-1: Foul Ball, location: 2F
1-2: Fly out, F6 (Popup, 4MD, EV 42.5 MPH)
Batting: RHB Josh Maxwell 0-0: Ball
1-0: Ball
2-0: Foul Ball, location: 2F
2-1: Foul Ball, location: 2F
2-2: Ball
3-2: Strikes out looking
Batting: LHB Garret Mathis 0-0: Ball
1-0: Ball
2-0: Ball
3-0: Called Strike
3-1: Foul Ball, location: 2F
3-2: Base on Balls
Pitching: RHP Kevin Stodart
Batting: RHB Jose Florez 0-0: Ball
1-0: Foul Ball, location: 2F
1-1: Ball
2-1: Ground out 1-3 (Groundball, 13S, EV 66.2 MPH)
Top of the 8th over - 0 runs, 0 hits, 0 errors, 1 left on base; Americus 4 - Victoria 3
BOTTOM OF THE 8TH
Victoria Capitals batting - Pitching for Americus Braves : RHP Jose Ortega
Pinch Hitting: LHB Adam Lupfer 0-0: Called Strike
0-1: Called Strike
0-2: Strikes out swinging
Batting: RHB Josh Rentz 0-0: Called Strike
0-1: Fly out, F7 (Flyball, 7D, EV 88.8 MPH)
Pinch Hitting: LHB Yen-ti Zhu 0-0: Fly out, F8 (Flyball, 8RM, EV 84.4 MPH)
Bottom of the 8th over - 0 runs, 0 hits, 0 errors, 0 left on base; Americus 4 - Victoria 3
TOP OF THE 9TH
Americus Braves batting - Pitching for Victoria Capitals : RHP Kevin Stodart
Now at 3B: Yen-ti Zhu
Now at SS: Kevin Harris
Pinch Hitting: SHB Chris Morrison 0-0: Fly out, F8 (Flyball, 8LM, EV 86.9 MPH)
Batting: RHB Danny Harris 0-0: Called Strike
0-1: Foul Ball, location: 2F
0-2: Ball
1-2: Foul Ball, location: 2F
1-2: Ball
2-2: Fly out, F8 (Flyball, 8LM, EV 86.9 MPH)
Batting: RHB Ryan Cole 0-0: Foul Ball, location: 2F
0-1: Ball
1-1: SINGLE (Groundball, 34D, EV 106.2 MPH)
Batting: RHB Scott Hansen 0-0: Foul Ball, location: 2F
0-1: Foul Ball, location: 2F
0-2: Ball
1-2: Ball
2-2: Fly out, F7 (Line Drive, 78M, EV 94.4 MPH)
Top of the 9th over - 0 runs, 1 hit, 0 errors, 1 left on base; Americus 4 - Victoria 3
BOTTOM OF THE 9TH
Victoria Capitals batting - Pitching for Americus Braves : RHP Jose Ortega
Pitching: RHP Justus Gonzales
Now at C: Chris Foss
Pinch Hitting: RHB Jeremy Marin 0-0: Ground out 5-3 (Groundball, 56, EV 91.9 MPH)
Batting: LHB Jason Cary 0-0: Ball
1-0: Ball
2-0: Ball
3-0: Called Strike
3-1: Called Strike
3-2: Fly out, F6 (Popup, 6MD, EV 53.1 MPH)
Pinch Hitting: RHB Rowan Prince 0-0: Foul Ball, location: 2F
0-1: Ball
1-1: Ball
2-1: Called Strike
2-2: Ground out U3 (Groundball, 3L, EV 110.0 MPH)
Bottom of the 9th over - 0 runs, 0 hits, 0 errors, 0 left on base; Americus 4 - Victoria 3
Sunday, July 16th , 2023 - OOTP Baseball 24.6 Build 69